 Dungeon Crawl Stone Soup version 0.31-a0-174-g85c54bcb58 (webtiles) character file.

Game seed: 11639486933912288757

91 qw the Shooter (level 4, -12/40 HPs)
             Began as a Naga Hunter on June 15, 2023.
             Mangled by an ogre
             ... wielding a +0 giant spiked club
              (31 damage)
             ... on level 3 of the Dungeon.
             The game lasted 00:00:36 (1789 turns).

qw the Shooter (Naga Hunter)                        Turns: 1789, Time: 00:00:36

Health: -12/40     AC:  2    Str: 13    XL:     4   Next: 57%
Magic:  4/4        EV:  9    Int:  9    God:
Gold:   182        SH:  0    Dex: 17    Spells: 3/3 levels left

rFire   . . .        Y - +1 shortbow
rCold   . . .        (shield currently unavailable)
rNeg    . . .        c - +0 leather armour
rPois   +            (no helmet)
rElec   .            (no cloak)
rCorr   +            (no gloves)
SInv    +            (no barding)
Will    +....        (no amulet)
Stlth   ++           d - ring of resist corrosion
HPRegen 0.26/turn    a - ring of willpower
MPRegen 0.09/turn

%: no passive effects
@: short of breath, very slow
A: AC +1, large, see invisible, deformed body, poison resistance, slowness 2,
spit poison 1, naga tail 1
a: Spit Poison


You were on level 3 of the Dungeon.
You visited 1 branch of the dungeon, and saw 3 of its levels.

You collected 182 gold pieces.


Innate Abilities, Weirdness & Mutations

Your serpentine skin is tough. (AC +1)
You have supernaturally acute eyesight. (SInv)
Armour fits poorly on your strangely shaped body.
Your system is resistant to poisons. (rPois)
You cover ground very slowly.
You can spit poison.
You have a snake-like lower body.


   Skills:
 + Level 2.8 Fighting
 - Level 5.0 Ranged Weapons
 - Level 1.5 Dodging
 - Level 1.5 Stealth


You had 3 spell levels left.
You didn't know any spells.
Your spell library was empty.

Inventory:

Hand Weapons
 Y - a +1 shortbow (weapon)
Armour
 c - a +0 leather armour (worn)
Jewellery
 a - a ring of willpower (right hand)
 d - a ring of resist corrosion (left hand)
 k - an amulet of reflection
 m - a ring of flight
Scrolls
 b - a scroll of teleportation {unknown}
 f - 2 scrolls of identify
 l - a scroll of noise {unknown}
 n - a scroll of enchant armour {unknown}
Potions
 e - 2 potions of heal wounds {unknown}
 g - a potion of curing {unknown}
 h - a potion of might
 i - a potion of lignification {unknown}
 j - a potion of mutation {unknown}

Dungeon Overview and Level Annotations

Branches:
Dungeon (3/15)

Altars:

Shops:
D:1 [


Message History

Enter note:
Enter note:
Enter note:
Enter note:
Enter note:
1770 ||| INVOKING Spit Poison.
Aiming: Spit Poison (1% risk of failure)
Press: ? - help, Shift-Dir - straight line, f - ball python The splash of poison hits the ball python!
You kill the ball python!
You have got your breath back.
f - 2 scrolls of identify (gained 1)
You now have 182 gold pieces (gained 13). 3 orcs and 2 orc priests come into view.
An orc is wielding a +1 dagger of speed.
Enter note:
Enter note:
Enter note:
Enter note:
Enter note:
Enter note:
1785 ||| Stepping ~*~*~tactically~*~*~ (outnumbered).
The orc shouts!
You hear a shout!
An ogre comes into view. It is wielding a +0 giant spiked club.
The orc shouts!
1787 ||| INVOKING Spit Poison.
Aiming: Spit Poison (1% risk of failure)
Press: ? - help, Shift-Dir - straight line, f - ogre The splash of poison hits the ogre but does no damage.
The ogre is poisoned.
The ogre hits you with a +0 giant spiked club!!
Ouch! That really hurt!
You shoot an arrow. The arrow hits the ogre.
The ogre is moderately wounded.
The ogre closely misses you.
You shoot an arrow. The arrow hits the ogre.
The ogre is moderately wounded.
The ogre hits you with a +0 giant spiked club!!
Ouch! That really hurt!
You die...

#.# #.....#
#.# #.###.#
#.# #.# #.#
#.# .[# #.#
#.#
#########.#
#.#
###.........#
##.#
#..%..#######
...#
.####.....##.#
####
...........@#
#
#####.....##O#
# #.....# o# #
###.### o# ###
#.# o# ..# #.#
o# #.# #.# o#
..##### #.# .#
......# #.#


You could see an ogre (poisoned), 2 orc priests and 3 orcs.

Vanquished Creatures
  3 adders
  A worm (D:3)
  A dart slug (D:2)
  An orc (D:3)
  4 ball pythons
  9 endoplasms
  3 giant cockroaches
  5 goblins
  2 hobgoblins
  6 jackals
  A quokka (D:1)
  3 bats
  4 frilled lizards
  4 kobolds
  5 rats
52 creatures vanquished.

Notes
Turn   | Place    | Note
-------+----------+-------------------------------------------
     0 | D:1      | qw the Naga Hunter began the quest for the Orb.
     0 | D:1      | Reached XP level 1. HP: 19/19 MP: 1/1
     0 | D:1      | 0 ||| qw: Version: 0.2-a-29-g511e9b1
     0 | D:1      | 0 ||| qw: Game counter: 5282
     0 | D:1      | 0 ||| qw: Always use a shield: true
     0 | D:1      | 0 ||| qw: God list: Okawaru
     0 | D:1      | 0 ||| qw: Allow faded altars: false
     0 | D:1      | 0 ||| qw: Do Orc after D:15 true
     0 | D:1      | 0 ||| qw: Do second Lair branch before Depths: true
     0 | D:1      | 0 ||| qw: Lair rune preference: random
     0 | D:1      | 0 ||| qw: Plans: Normal
     0 | D:1      | 0 ||| PLANNING D:1-11
    87 | D:1      | 87 ||| INVOKING Spit Poison.
    91 | D:1      | 91 ||| INVOKING Spit Poison.
   177 | D:1      | 177 ||| INVOKING Spit Poison.
   181 | D:1      | You fall into a shaft and drop 1 floor!
   186 | D:2      | Reached skill level 4 in Ranged Weapons
   186 | D:2      | Reached XP level 2. HP: 26/26 MP: 2/2
   204 | D:2      | 204 ||| UPGRADING to ring of resist corrosion.
   205 | D:2      | 205 ||| READING scroll labelled CULOPRIHIM.
   206 | D:2      | 206 ||| DROPPING scroll of butterflies.
   216 | D:1      | 216 ||| INVOKING Spit Poison.
   225 | D:1      | 225 ||| INVOKING Spit Poison.
   244 | D:1      | 244 ||| INVOKING Spit Poison.
   414 | D:1      | 414 ||| INVOKING Spit Poison.
   439 | D:1      | 439 ||| INVOKING Spit Poison.
   474 | D:1      | Found Catzaq's Antique Armour Shoppe.
   480 | D:1      | 480 ||| SHOPLISTING glowing helmet (195 gold, have 56).
   480 | D:1      | 480 ||| SHOPLISTING glowing robe (96 gold, have 56).
   480 | D:1      | 480 ||| SHOPLISTING runed leather armour (130 gold, have
                  | 56).
   718 | D:1      | 718 ||| INVOKING Spit Poison.
   733 | D:1      | 733 ||| INVOKING Spit Poison.
   736 | D:1      | 736 ||| INVOKING Spit Poison.
   738 | D:1      | Reached XP level 3. HP: 31/32 MP: 3/3
   746 | D:1      | 746 ||| INVOKING Spit Poison.
   817 | D:1      | 817 ||| UPGRADING to ring of willpower.
   818 | D:1      | 818 ||| READING 2 scrolls labelled XOSAAX MUGRAENT.
   819 | D:1      | 819 ||| READING scroll labelled ADUTUH SUD ALU.
   906 | D:2      | 906 ||| INVOKING Spit Poison.
   911 | D:2      | 911 ||| INVOKING Spit Poison.
   915 | D:2      | 915 ||| INVOKING Spit Poison.
   985 | D:2      | 985 ||| INVOKING Spit Poison.
  1024 | D:2      | 1024 ||| INVOKING Spit Poison.
  1048 | D:2      | 1048 ||| INVOKING Spit Poison.
  1053 | D:2      | 1053 ||| INVOKING Spit Poison.
  1257 | D:2      | 1257 ||| INVOKING Spit Poison.
  1291 | D:2      | 1291 ||| INVOKING Spit Poison.
  1307 | D:2      | 1307 ||| DRINKING 2 pink potions.
  1308 | D:2      | 1308 ||| READING 2 scrolls of identify.
  1308 | D:2      | 1308 ||| IDENTIFYING fuming yellow potion
  1309 | D:2      | 1309 ||| DROPPING potion of berserk rage.
  1338 | D:3      | Found a faded altar of an unknown god.
  1339 | D:3      | 1339 ||| INVOKING Spit Poison.
  1344 | D:3      | Reached skill level 5 in Ranged Weapons
  1344 | D:3      | Reached XP level 4. HP: 39/39 MP: 4/4
  1344 | D:3      | 1344 ||| INVOKING Spit Poison.
  1350 | D:3      | 1350 ||| INVOKING Spit Poison.
  1424 | D:3      | 1424 ||| INVOKING Spit Poison.
  1430 | D:3      | 1430 ||| INVOKING Spit Poison.
  1433 | D:3      | 1433 ||| INVOKING Spit Poison.
  1451 | D:3      | 1451 ||| INVOKING Spit Poison.
  1470 | D:3      | 1470 ||| INVOKING Spit Poison.
  1515 | D:3      | 1515 ||| INVOKING Spit Poison.
  1639 | D:3      | 1639 ||| INVOKING Spit Poison.
  1770 | D:3      | 1770 ||| INVOKING Spit Poison.
  1785 | D:3      | 1785 ||| Stepping ~*~*~tactically~*~*~ (outnumbered).
  1786 | D:3      | Noticed an ogre
  1787 | D:3      | 1787 ||| INVOKING Spit Poison.
  1789 | D:3      | Mangled by an ogre

Levels and vault maps discovered:
D:1:      heliophobic_arrival_dark_side_of_the_moon, layout_basic, serial_shops,
          shop, minmay_hexomino_f4
D:2:      layout_rooms, mrwooster_statue_mirror, dk_noncrumbling_3,
          minmay_misc_feat_rows
D:3:      layout_loops_ring, nicolae_ecumenical_pavilion

Skill      XL: |  1  2  3 |
---------------+----------+-----
Ranged Weapons | 4 5 |  5.0
Fighting       | |  2.8
Dodging        | |  1.5
Stealth        | |  1.5

Action                     |  1- 3 |  4- 6 || total
---------------------------+-------+-------++-------
   Fire: Shortbow          |    53 |    18 ||    71
Ability: Spit Poison       |    22 |    11 ||    33
    Use: Scroll            |     4 |       ||     4
         Potion            |     1 |       ||     1
 Armour: Leather armour    |     3 |       ||     3
  Dodge: Dodged            |     7 |     9 ||    16

Table legend:
 A = Non-vault XP
 B = Vault XP
 C = Vault XP percentage of total XP
 D = Non-vault monster count
 E = Vault monster count
 F = Vault count percentage of total count
                 A         B        C        D         E       F
            +---------+---------+-------+---------+---------+-------
      Total |     129 |       1 |   0.8 |      51 |       1 |   1.9
            +---------+---------+-------+---------+---------+-------
        D:1 |      31 |       1 |   3.1 |      19 |       1 |   5.0
        D:2 |      46 |       0 |   0.0 |      18 |       0 |   0.0
        D:3 |      52 |       0 |   0.0 |      14 |       0 |   0.0
            +---------+---------+-------+---------+---------+-------
